 Dungeon Crawl Stone Soup version 0.28-b1-38-gff268fdeb9 (webtiles) character file.

Game seed: 13757030410913259992

74027 Jerry the Tortoise (level 15, 0/115 HPs)
             Began as a Human Fighter on Feb 2, 2022.
             Was an Initiate of Gozag.
             Slain by a minotaur (24 damage)
             ... in a Gauntlet.
             The game lasted 02:05:06 (26452 turns).

Jerry the Tortoise (Human Fighter)                 Turns: 26452, Time: 02:05:06

Health: 0/115      AC: 24    Str: 21    XL:     15   Next: 92%
Magic:  15/15      EV: 13    Int: 13    God:    Gozag
Gold:   1076       SH: 10    Dex: 13    Spells: 14/14 levels left

rFire   + . .      SeeInvis +   r - +4 flail (vamp)
rCold   . . .      Faith    .   c - +0 buckler
rNeg    + + .      Spirit   .   p - +3 ring mail {rF+}
rPois   +          Reflect  +   a - +1 helmet {Int+3}
rElec   .          Harm     .   s - +2 ratskin cloak {*Rats rPois rN+ Str-1 Int-1 Dex+1}
rCorr   +          Rampage  .   W - +2 pair of gloves {Stlth+}
Will    +....      NoTele   +   l - +0 pair of boots
Stlth   ++........              D - amulet of reflection
HPRegen 0.29/turn               e - ring of Gebutient {rCorr Slay+4}
MPRegen 0.14/turn               M - ring of Pason {rN+ Slay+3 SInv}

@: studying Staves
A: no striking features
a: Renounce Religion, Potion Petition, Call Merchant, Bribe Branch


You were in a Gauntlet.
You worshipped Gozag.
Gozag was most pleased with you.
You visited 5 branches of the dungeon, and saw 21 of its levels.
You also visited: Ossuary and Gauntlet.

You collected 6998 gold pieces.
You spent 2368 gold pieces at shops.
You paid 3554 gold pieces to Gozag.

Inventory:

Hand Weapons
 r - a +4 vampiric flail (weapon)
Missiles
 t - 17 silver javelins (quivered)
Armour
 a - a +1 helmet of intelligence (worn)
 b - a +2 pair of gloves of hurling
 c - a +0 buckler (worn)
 l - a +0 pair of boots (worn)
 p - a +3 ring mail of fire resistance (worn)
 s - the +2 ratskin cloak (worn) {*Rats rPois rN+ Str-1 Int-1 Dex+1}
   (You found it on level 7 of the Dungeon)

   When the wearer is hurt, rats may emerge from it to assist them.
   Str:       It affects your strength (-1).
   Int:       It affects your intelligence (-1).
   Dex:       It affects your dexterity (+1).
   rPois:     It protects you from poison.
   rN:        It protects you from negative energy.
 W - a +2 pair of gloves of stealth (worn)
Jewellery
 e - the ring of Gebutient (left hand) {rCorr Slay+4}
   (You bought it in a shop on level 9 of the Dungeon)

   [ring of slaying]

   Slay:      It affects your accuracy & damage with ranged weapons and melee
   (+4).
   rCorr:     It protects you from acid and corrosion.
 j - an amulet of the acrobat
 D - an amulet of reflection (around neck)
 M - the ring of Pason (right hand) {rN+ Slay+3 SInv}
   (You acquired it on level 11 of the Dungeon)

   [ring of see invisible]

   Slay:      It affects your accuracy & damage with ranged weapons and melee
   (+3).
   rN:        It protects you from negative energy.
   SInv:      It lets you see invisible.
 V - a ring of flight
Wands
 n - a wand of acid (12)
 o - a wand of flame (13)
 C - a wand of iceblast (5)
 U - a wand of digging (5)
Scrolls
 d - 2 scrolls of vulnerability
 g - a scroll of torment
 h - 3 scrolls of identify
 v - 3 scrolls of fear
 y - 6 scrolls of teleportation
 A - 2 scrolls of blinking
 B - 2 scrolls of amnesia
 J - 2 scrolls of holy word
 L - a scroll of silence
 N - a scroll of enchant armour
 O - 2 scrolls of enchant weapon
 T - a scroll of acquirement
Potions
 f - 5 potions of attraction
 i - a potion of flight
 k - 13 potions of curing
 m - 2 potions of resistance
 q - a potion of brilliance
 w - 10 potions of mutation
 x - a potion of magic
 z - 6 potions of ambrosia
 G - a potion of haste
 K - 2 potions of invisibility
 Q - 3 potions of cancellation
 S - a potion of might
Miscellaneous
 H - a phantom mirror
 P - a piece from Xom's chessboard (15/15)


   Skills:
 - Level 10.0 Fighting
 - Level 17.0 Maces & Flails
 + Level 17.5 Armour
 + Level 6.7 Dodging
 + Level 2.4 Stealth
 - Level 4.0 Shields


You had 14 spell levels left.
You didn't know any spells.
Your spell library contained the following spells:

 Spells                   Type           Power      Damage    Failure   Level
 Animate Skeleton         Necr           0%         N/A       50%         1
 Apportation              Tloc           0%         N/A       50%         1
 Beastly Appendage        Tmut           0%         N/A       50%         1
 Freeze                   Ice            0%         1d3       50%         1
 Pain                     Necr           0%         1d4       50%         1
 Sting                    Tmut/Pois      0%         1d3       50%         1
 Summon Small Mammal      Summ           0%         N/A       50%         1
 Blink                    Tloc           0%         N/A       63%         2
 Poisonous Vapours        Pois/Air       0%         N/A       63%         2
 Wereblood                Tmut           0%         N/A       63%         2
 Frozen Ramparts          Ice            0%         1d2       86%         3
 Gell's Gravitas          Tloc           0%         N/A       86%         3
 Ignite Poison            Fire/Tmut/Pois 0%         N/A       86%         3
 Mephitic Cloud           Conj/Pois/Air  0%         N/A       86%         3
 Portal Projectile        Hex/Tloc       0%         N/A       86%         3
 Spider Form              Tmut/Pois      0%         N/A       86%         3
 Summon Guardian Golem    Hex/Summ       0%         N/A       86%         3
 Teleport Other           Tloc           0%         N/A       86%         3
 Tukima's Dance           Hex            0%         N/A       86%         3
 Vampiric Draining        Necr           0%         2d6       86%         3
 Animate Armour           Summ/Erth      0%         N/A       99%         4
 Hailstorm                Conj/Ice       0%         3d3       99%         4
 Ice Form                 Ice/Tmut       0%         N/A       99%         4
 Olgreb's Toxic Radiance  Pois           0%         N/A       99%         4
 Passage of Golubria      Tloc           0%         N/A       99%         4
 Summon Ice Beast         Ice/Summ       0%         N/A       99%         4
 Agony                    Necr           0%         N/A       100%        5
 Blade Hands              Tmut           0%         N/A       100%        5
 Excruciating Wounds      Necr           0%         N/A       100%        5
 Fireball                 Conj/Fire      0%         3d3       100%        5
 Freezing Cloud           Conj/Ice/Air   0%         6-21      100%        5
 Iskenderun's Battlesphe  Conj           0%         2d6       100%        5
 Yara's Violent Unravell  Hex/Tmut       0%         3d3       100%        5
 Conjure Ball Lightning   Conj/Air       0%         3x3d6     100%        6
 Dispersal                Tloc           0%         N/A       100%        6
 Iron Shot                Conj/Erth      0%         9d1       100%        6
 Orb of Destruction       Conj           0%         9d5       100%        7
 Spellforged Servitor     Conj/Summ      0%         N/A       100%        7


Dungeon Overview and Level Annotations

Branches:
Dungeon (12/15)            Temple (1/1) D:4            Lair (6/6) D:11
 Shoals (0/4) Lair:2        Snake (0/4) Lair:4        Slime (1/5) Lair:6
    Orc (1/2) D:9         Ossuary (visited)         Gauntlet (1/1)

Altars:
Ashenzari
Cheibriados
Dithmenos
Elyvilon
Fedhas
Gozag
Hepliaklqana
Kikubaaqudgha
Makhleb
Nemelex Xobeh
Okawaru
Qazlal
Ru
Sif Muna
Trog
Uskayaw
Vehumet
Wu Jian
Xom
Yredelemnul
Zin
The Shining One
Lugonu

Shops:
D:4 [   D:5 **   D:8 *[   D:9 =[   D:10 (   Lair:5 ((   Lair:6 [

Annotations:
D:4 2 runed translucent doors, Tzialkovskiy's ghost, amateur GrEE
Lair:3 3 runed translucent doors, kalagan's ghost, journeyman DECj Gauntlet 8 transporters, 1 runed translucent door


Message History

You hit the minotaur but do no damage.
The minotaur is moderately wounded.
You block the minotaur's attack.
The minotaur hits your river rat with a +2 vampiric battleaxe!!
Your river rat dies!
You block the minotaur's attack.
You sock the minotaur!
The minotaur is heavily wounded.
The minotaur barely misses you. You block the minotaur's attack.
You hit the minotaur.
You feel better.
The minotaur is heavily wounded.
You thump the minotaur!
The minotaur is severely wounded.
The minotaur barely misses you.
The minotaur gores you but does no damage.
You hit the minotaur.
You feel better.
The minotaur is severely wounded.
The minotaur misses you. The minotaur gores you!
You hit the minotaur but do no damage.
The minotaur is severely wounded.
The minotaur hits you with a +2 vampiric battleaxe.
The minotaur barely misses you.
You bludgeon the minotaur!!
You feel better.
The minotaur is almost dead.
You hit the minotaur.
The minotaur is almost dead.
The minotaur hits you with a +2 vampiric battleaxe.
A river rat scurries out from under your cloak.
You block the minotaur's attack.
You hit the minotaur.
The minotaur is almost dead.
The minotaur hits you with a +2 vampiric battleaxe!!
* * * LOW HITPOINT WARNING * * *
The minotaur draws strength from your wounds!
The minotaur gores you but does no damage.
You hit the minotaur but do no damage.
The minotaur is almost dead.
The minotaur hits you with a +2 vampiric battleaxe!!
You die...
Your body crumbles into a pile of gold.

.##≈...## ########.♣.
##...#=
#..........##..♣.##
##.##.###.♣.#..PP.#©
#8..........#.♣P..##
#.....#.#.©.#.P...#[
#########.#.#...#.....##
#8[8[8.8#...#.©.#.....##
#∩....H@rr###...#..∩....
#8}8[8.8#...#[©.#.....##
#########.#.#...#.....##
#.....#.#.©.#.P...##
#8..........#.♣P..##
##.##.###.♣.#..P..#©
#..........##..♣.##
########.♣.###...##
#...##≈...##


You could see a minotaur (ally target) and 2 friendly river rats.

Vanquished Creatures
  8 hydras
  A boulder beetle (D:11)
  A catoblepas (Lair:6)
  Erica (D:10)
  2 centaur warriors (D:8)
  6 two-headed ogres
  12 death yaks
  Urug (Lair:3)
  A deep troll shaman (Lair:6)
  3 large abominations (Gauntlet)
  2 ugly things (D:8)
  A manticore (D:8)
  6 oklob plants
  2 cyclopes (D:11)
  26 elephants
  8 black mambas
  A rust devil (Gauntlet)
  A gargoyle (D:12)
  13 cane toads
  A kobold demonologist (D:10)
  A torpor snail (Lair:3)
  13 komodo dragons
  An efreet (D:10)
  3 trolls
  2 polar bears
  5 slime creatures
  13 blink frogs
  9 dream sheep
  A spriggan (D:10)
  A ynoxinul (Gauntlet)
  Sigmund (D:4)
  4 wyverns
  2 wraiths
  4 basilisks
  46 yaks
  A steam dragon (D:5)
  6 vampire mosquitoes (D:11)
  A warg (Orc:1)
  Edmund (D:5)
  24 water moccasins
  2 ice beasts
  8 orc warriors
  A sky beast (D:6)
  3 ogres
  A necrophage (D:7)
  6 black bears
  21 wolves
  7 centaurs
  2 phantoms
  17 bullfrogs
  9 small abominations
  4 scorpions (D:7)
  2 wyvern zombies (D:8)
  2 gnoll sergeants (D:5)
  11 killer bees
  8 wights
  5 electric eels
  4 howler monkeys
  2 centaur zombies
  2 hounds
  2 jellies (D:7)
  Crazy Yiuf (D:2)
  A bullfrog skeleton (D:5)
  3 bullfrog zombies
  10 orc priests
  A gnoll shaman (D:6)
  3 iron imps (Gauntlet)
  Ijyb (D:2)
  3 iguanas
  19 orc wizards
  A hell rat (D:7)
  3 killer bee zombies
  A howler monkey zombie (D:7)
  8 mummies (Ossuary)
  11 gnolls
  8 adders
  18 river rats (D:7)
  2 white imps
  2 ufetubi
  An adder zombie (D:5)
  4 worms
  2 dart slugs (D:1)
  45 orcs
  11 ball pythons
  6 endoplasms
  3 giant cockroaches
  A gnoll zombie (Ossuary)
  12 goblins
  7 hobgoblins
  2 jackals
  13 kobolds
  4 quokkas
  4 bats
  4 frilled lizards
  4 kobold zombies (Ossuary)
  3 orc zombies (Ossuary)
  2 rats
579 creatures vanquished.

Vanquished Creatures (collateral kills)
  A centaur warrior (D:9)
  A dream sheep (Lair:5)
  2 yaks (Lair:1)
  A bullfrog (Lair:5)
  A kobold brigand (D:10)
  An electric eel (Lair:2)
  An orc wizard (D:9)
  A howler monkey zombie (D:10)
  An orc (D:9)
  4 kobolds (D:10)
14 creatures vanquished.

Vanquished Creatures (others)
  4 demonic plants
  59 fungi
  95 plants
158 creatures vanquished.

Grand Total: 751 creatures vanquished

Notes
Turn   | Place    | Note
-------+----------+-------------------------------------------
     0 | D:1      | Jerry the Human Fighter began the quest for the Orb.
     0 | D:1      | Reached XP level 1. HP: 18/18 MP: 1/1
    48 | D:1      | Found a faded altar of an unknown god.
   138 | D:2      | Noticed an orc wizard
   404 | D:1      | Reached XP level 2. HP: 21/24 MP: 2/2
   775 | D:1      | Reached XP level 3. HP: 29/29 MP: 3/3
  1538 | D:2      | You fall into a shaft and drop 2 floors!
  1555 | D:4      | Reached XP level 4. HP: 29/35 MP: 4/4
  1627 | D:4      | Found a staircase to the Ecumenical Temple.
  1921 | Temple   | Entered the Ecumenical Temple
  2216 | Temple   | Became a worshipper of Gozag Ym Sagoz the Greedy
  2375 | D:4      | Noticed an ogre
  2630 | D:3      | Reached XP level 5. HP: 42/42 MP: 5/5
  3150 | D:2      | Reached XP level 6. HP: 37/48 MP: 6/6
  3428 | D:2      | Found a runed translucent door.
  3429 | D:2      | Noticed Crazy Yiuf
  3781 | D:2      | Killed Crazy Yiuf
  4458 | D:3      | Found a shadowy altar of Dithmenos.
  4557 | D:3      | Noticed Ijyb
  4753 | D:2      | Killed Ijyb
  4921 | D:4      | Found Jascheogh's Antique Armour Emporium.
  5080 | D:4      | Bought a pair of runed gloves for 187 gold pieces
  5106 | D:4      | Found a large runed translucent door.
  5107 | D:4      | Found a large runed translucent door.
  5111 | D:4      | Noticed Tzialkovskiy's ghost (amateur GrEE)
  5292 | D:4      | Noticed a black bear
  5304 | D:4      | Killed a black bear
  5305 | D:4      | Reached XP level 7. HP: 47/55 MP: 7/7
  5523 | D:4      | Reached skill level 5 in Fighting
  5720 | D:5      | Entered Level 5 of the Dungeon
  5730 | D:5      | Reached skill level 5 in Armour
  5975 | D:5      | Noticed Sigmund
  5975 | D:5      | Noticed a water moccasin
  6125 | D:5      | Reached XP level 8. HP: 55/63 MP: 8/8
  6130 | D:5      | Reached skill level 5 in Maces & Flails
  6777 | D:5      | Noticed Edmund
  6842 | D:5      | Killed Edmund
  6843 | D:5      | Reached XP level 9. HP: 30/71 MP: 9/9
  7366 | D:4      | Killed Sigmund
  7452 | D:5      | Found Zizo's Specific Store.
  7533 | D:5      | Found Imauf's General Store.
  7544 | D:5      | Bought a potion of might for 40 gold pieces
  9127 | D:7      | Reached XP level 10. HP: 80/80 MP: 10/10
  9381 | D:7      | Noticed a two-headed ogre
 10347 | D:7      | Killed a two-headed ogre
 10558 | D:7      | Found the +2 ratskin cloak {*Rats rPois rN+ Str-1 Int-1
                  | Dex+1}
 10635 | D:8      | Found a sand-covered staircase.
 10644 | Ossuary  | Entered an ossuary
 11209 | D:8      | Noticed a purple ugly thing
 11210 | D:8      | Found a corrupted altar of Lugonu.
 11843 | D:8      | Found Bumamaz's Antique Armour Boutique.
 11873 | D:8      | Found a transporter.
 11875 | D:8      | Found a transporter.
 11877 | D:8      | Noticed a cyan ugly thing
 12091 | D:8      | Noticed a centaur warrior
 12093 | D:8      | Noticed a manticore
 12108 | D:8      | Reached XP level 11. HP: 80/89 MP: 11/11
 12114 | D:8      | Killed a manticore
 12118 | D:8      | Noticed a centaur warrior
 12125 | D:8      | Killed a centaur warrior
 12158 | D:8      | Killed a centaur warrior
 12159 | D:8      | Reached skill level 10 in Fighting
 12159 | D:8      | Reached skill level 10 in Maces & Flails
 12159 | D:8      | Reached skill level 10 in Armour
 13188 | D:8      | Bought a scroll of identify for 70 gold pieces
 13188 | D:8      | Bought a fuming emerald potion for 31 gold pieces
 13188 | D:8      | Bought a scroll labelled ERAH ZIGOSICK for 35 gold pieces
 13188 | D:8      | Bought 2 metallic white potions for 63 gold pieces
 13188 | D:8      | Bought a scroll labelled EXENOF KAUSIO for 35 gold pieces
 13188 | D:8      | Bought a glowing blue amulet for 175 gold pieces
 13349 | D:9      | Noticed a centaur warrior
 13371 | D:9      | Killed a centaur warrior
 13448 | D:9      | Found Esmuj's Armour Boutique.
 13450 | D:9      | Found a staircase to the Orcish Mines.
 13548 | D:9      | Found Wozuogg's Jewellery Emporium.
 13728 | D:10     | Entered Level 10 of the Dungeon
 14268 | D:10     | Found Coapa's Weapon Shoppe.
 14351 | D:10     | Noticed a two-headed ogre
 14363 | D:10     | Killed a two-headed ogre
 14364 | D:10     | Reached XP level 12. HP: 97/97 MP: 12/12
 14585 | D:10     | Noticed Erica
 14817 | D:10     | Killed Erica
 15158 | D:11     | Noticed a boulder beetle
 15283 | D:11     | Noticed a two-headed ogre
 15298 | D:11     | Killed a two-headed ogre
 15441 | D:11     | Noticed a two-headed ogre
 15441 | D:11     | Noticed a two-headed ogre
 15455 | D:11     | Killed a two-headed ogre
 15497 | D:11     | Killed a two-headed ogre
 15909 | D:11     | Identified a scroll of acquirement
 15909 | D:11     | Acquired the ring of Pason {rN+ Slay+3 SInv}
 15996 | D:9      | Bought the ring of Gebutient {rCorr Slay+4} for 1540 gold
                  | pieces
 16122 | D:8      | Got Wuojoilo's Handbook of Dislocation
 16236 | Orc:1    | Entered Level 1 of the Orcish Mines
 16571 | D:11     | Noticed a two-headed ogre
 16580 | D:11     | Killed a two-headed ogre
 16640 | D:11     | Found a staircase to the Lair.
 16734 | Lair:1   | Entered Level 1 of the Lair of Beasts
 16913 | Lair:1   | Reached XP level 13. HP: 92/103 MP: 13/13
 16926 | Lair:1   | Upgraded the game from 0.28-b1-25-g9875b3fc8c to
                  | 0.28-b1-38-gff268fdeb9
 18001 | Lair:2   | Found a staircase to the Shoals.
 18252 | Lair:2   | Identified the +2 robe "Ypurch" {*Corrode Str+7 Dex+4}
 18943 | Lair:3   | Noticed a five-headed hydra
 18960 | Lair:3   | Killed a five-headed hydra
 18989 | Lair:3   | Found a runed translucent gate.
 19125 | Lair:3   | Found a runed translucent gate.
 19125 | Lair:3   | Noticed a 12-headed hydra
 19126 | Lair:3   | Found a runed translucent gate.
 19126 | Lair:3   | Noticed kalagan's ghost (journeyman DECj)
 19272 | Lair:3   | Noticed Urug
 19292 | Lair:3   | Killed Urug
 19293 | Lair:3   | Reached skill level 15 in Maces & Flails
 19989 | Lair:3   | Reached XP level 14. HP: 107/110 MP: 14/14
 20099 | Lair:4   | Found a staircase to the Snake Pit.
 20566 | Lair:4   | Reached skill level 15 in Armour
 23174 | Lair:6   | Entered Level 6 of the Lair of Beasts
 23351 | Lair:5   | Bought a smoking mace for 192 gold pieces
 23351 | Lair:5   | Identified the +5 mace "Jaosol" {antimagic, *Rage rC+
                  | Dex+5} (You bought it in a shop on level 5 of the Lair of
                  | Beasts)
 23534 | Lair:6   | Reached XP level 15. HP: 102/115 MP: 15/15
 23696 | Lair:6   | Reached skill level 1 in Dodging
 24095 | Lair:6   | Found a staircase to the Slime Pits.
 24442 | Lair:6   | Reached skill level 5 in Dodging
 25170 | Slime:1  | Entered Level 1 of the Pits of Slime
 25184 | Slime:1  | Reached skill level 1 in Stealth
 25340 | Slime:1  | Noticed an acid blob
 25435 | Lair:3   | Identified the +1 robe of Lugonu's Hope {rN+}
 25832 | D:12     | Found a gate leading to a gauntlet.
 25856 | Gauntlet | Entered a Gauntlet
 25856 | Gauntlet | Found a transporter.
 25860 | Gauntlet | Found a transporter.
 25861 | Gauntlet | Found a transporter.
 25871 | Gauntlet | Found a transporter.
 25873 | Gauntlet | Found a transporter.
 25883 | Gauntlet | Found a transporter.
 25896 | Gauntlet | Found a transporter.
 25905 | Gauntlet | Found a runed translucent door.
 25906 | Gauntlet | Found a transporter.
 25907 | Gauntlet | Found a runed translucent door.
 25911 | Gauntlet | Found a transporter.
 25912 | Gauntlet | Found a transporter.
 25915 | Gauntlet | Found a runed translucent door.
 25921 | Gauntlet | Found a transporter.
 25923 | Gauntlet | Found a transporter.
 25953 | Gauntlet | Found a transporter.
 25967 | Gauntlet | Found a transporter.
 26431 | Gauntlet | Identified the +8 plate armour of the Invisible Stories
                  | {rF+}
 26452 | Gauntlet | Slain by a minotaur

Illustrated notes

Levels and vault maps discovered:
D:1:      lemuel_arrival_river_ford, layout_loops_ring,
          shapermc_ecumenical_altar_gd
D:2:      layout_loops_ring, minmay_mini_jars, uniq_crazy_yiuf_cottage
D:3:      kennysheep_the_goblin_king, layout_basic, general_overflow_altar
D:4:      layout_basic, minmay_temple_entry_gardened_gates,
          ebering_ghost_disaster_area, serial_shops,
          nicolae_shop_advertising_works [nicolae_subvault_shop_adworks],
          kennysheep_nondescript, minmay_tree_intersection
D:5:      layout_rooms, nicolae_specific_store, st_stairs_1, uniq_sigmund,
          uniq_edmund
D:6:      layout_basic, kennysheep_donut
D:7:      wander_guarded_unrand_ratskin, layout_rooms, minmay_starry_boxes
D:8:      gammafunk_corrupted_shrine, layout_cave_pools, serial_shops,
          nicolae_stop_n_shop_2, nicolae_ossuary_entry_ruins, minmay_hedge_maze,
          hangedman_abyss_or_decor_passed, minmay_pinched_square
D:9:      layout_rooms, orc_david_3, minmay_shop_enchanted_jewellery
D:10:     layout_irregular_city, serial_shops,
          nicolae_shop_competitors_out_of_business, the_hattery, uniq_erica
D:11:     layout_irregular_city, lair_entry_dummy, lightli_fourway_metalbox
D:12:     layout_rooms, gauntlet_entry_generic
Temple:   regret_index_temple_sigil_plot
Lair:1:   layout_big_grid
Lair:2:   layout_chaotic_city, minmay_shoals_entry_centaurs, serial_bayou,
          serial_bayou_lake_a, serial_bayou_shore_a, serial_bayou_shore_b,
          serial_bayou_lagoon_b
Lair:3:   layout_chaotic_city, gammafunk_ghost_hydra_chop, grunt_megastairs_5,
          lemuel_fruit_fields, uniq_urug
Lair:4:   layout_regular_city, minmay_snake_entry_six_corridors, st_stairs_9
Lair:5:   layout_roguey, lookout_lair_type, dpeg_oklob_1, grunt_megastairs_4
Lair:6:   grunt_lair_end_beastmaster, layout_loops_ring,
          minmay_slime_entry_oklob_open
Slime:1:  layout_caves, nicolae_slime_phagocytosis
Orc:1:    layout_diamond_mine, serial_shops, shop_fountains, basic_altar,
          lightli_orcish_oven
Gauntlet: minmay_gauntlet_77_tree [minmay_gauntlet_arena_77_tiled_triplets,
          minmay_gauntlet_arena_77_path, minmay_gauntlet_arena_77_museum,
          minmay_gauntlet_arena_77_chump_sandwich,
          minmay_gauntlet_arena_77_checkered, minmay_gauntlet_arena_77_cramped,
          minmay_gauntlet_arena_77_broken_ladder,
          nicolae_gauntlet_exit_dead_adventurers]

Skill      XL: |  1  2  3  4  5  6  7  8  9 10 11 12 13 14 15 |
---------------+----------------------------------------------+-----
Maces & Flails | 3 4 6 7 9 11 13 15 16 17 | 17.0
Fighting       | 4 5 6 7 9 10 | 10.0
Shields        | 4 |  4.0
Armour         | 4 5 6 7 9 11 12 14 16 17 | 17.5
Dodging        | 6 |  6.7
Stealth        | 2 |  2.4

Action                   |  1- 3 |  4- 6 |  7- 9 | 10-12 | 13-15 || total
-------------------------+-------+-------+-------+-------+-------++-------
Melee: Flail             |    75 |     5 |   154 |   876 |  1406 ||  2516
       Mace              |       |   198 |   196 |       |       ||   394
Throw: Dart              |       |       |     5 |     9 |       ||    14
Invok: Call Merchant     |       |       |       |     1 |     3 ||     4
       Potion Petition   |       |       |       |       |     1 ||     1
Evoke: Wand              |       |       |     1 |       |       ||     1
  Use: Scroll            |       |     9 |       |    16 |     6 ||    31
       Potion            |       |     2 |       |     4 |       ||     6
 Stab: Invisible         |       |     2 |       |       |       ||     2
       Distracted        |       |       |     2 |     6 |    10 ||    18
       Petrified         |       |       |       |       |     5 ||     5
       Petrifying        |       |       |       |       |     2 ||     2
Armor: Scale mail        |    38 |    61 |       |       |       ||    99
       Ring mail         |       |    13 |   187 |   459 |   601 ||  1260
Dodge: Dodged            |    34 |    75 |   180 |   325 |   480 ||  1094
Block: Buckler           |    19 |    39 |    75 |   313 |   628 ||  1074
       Reflection        |       |       |       |     4 |    20 ||    24
